 Dungeon Crawl Stone Soup version 0.30-a0-509-gd016549fea (webtiles) character file.

Game seed: 7989797351302768925

108 IdlyInterested the Slasher (level 4, -3/35 HPs)
             Began as a Demonspawn Gladiator on Dec 22, 2022.
             Slain by Natasha (4 damage)
             ... on level 2 of the Dungeon.
             The game lasted 00:05:17 (1496 turns).

IdlyInterested the Slasher (Demonspawn Gladiator)   Turns: 1496, Time: 00:05:18

Health: -3/35      AC:  7    Str: 16    XL:     4   Next: 58%
Magic:  4/4        EV:  9    Int:  9    God:
Gold:   127        SH:  7    Dex: 15    Spells: 3/3 levels left

rFire   . . .      SeeInvis .    p - +0 rapier
rCold   . . .      Faith    .    j - +0 kite shield
rNeg    . . .      Spirit   .    i - +0 ring mail
rPois   .          Reflect  .    c - +0 helmet
rElec   .          Harm     .    (no cloak)
rCorr   .          Rampage  .    q - +0 pair of gloves
Will    .....                    (no boots)
Stlth   +.........               (no amulet)
HPRegen 0.25/turn                (no ring)
MPRegen 0.09/turn                (no ring)

@: hasted, very quick
A: demonic guardian 2, weakness stinger 1
a: no special abilities


You were on level 2 of the Dungeon.
You visited 1 branch of the dungeon, and saw 2 of its levels.

You collected 127 gold pieces.

Inventory:

Hand Weapons
 a - a +0 long sword
 h - a +0 dagger
 p - a +0 rapier (weapon)
Missiles
 d - 2 throwing nets (quivered)
 e - a javelin
 l - 20 stones
 s - 5 poisoned darts
Armour
 b - a +0 leather armour
 c - a +0 helmet (worn)
 i - a +0 ring mail (worn)
 j - a +0 kite shield (worn)
 q - a +0 pair of gloves (worn)
Scrolls
 m - 2 scrolls of magic mapping
 n - a scroll of teleportation
 o - a scroll of identify
 r - a scroll of torment {unknown}
 t - a scroll of poison {unknown}
Potions
 g - a potion of degeneration {unknown}
 k - a potion of flight


   Skills:
 - Level 3.0 Fighting
 + Level 1.6(2.7) Short Blades
 - Level 3.3(3.6) Long Blades
 - Level 1.7 Throwing
 - Level 3.0 Dodging
 * Level 1.4 Stealth


You had 3 spell levels left.
You didn't know any spells.
Your spell library was empty.

Dungeon Overview and Level Annotations

Branches:
Dungeon (2/15)

Altars:

Shops:
D:2 :

Annotations:
D:2 Natasha


Innate Abilities, Weirdness & Mutations

A demonic guardian rushes to your aid.
You have a small tail.


Message History

There is an open door here.
There is an open door here.
There is an open door here.
There is an open door here.
There is an open door here.
Done exploring.
Done exploring.
Done exploring.
There is an open door here.
You see here a +0 leather armour.
Natasha, Servant of Life and Death comes into view.
She is carrying a wand of quicksilver (7).
Natasha hisses angrily.
Natasha zaps a wand.
The bolt of dispelling energy hits you!
Natasha howls an incantation.
Natasha shimmers violently.
Natasha zaps a wand.
The bolt of dispelling energy hits you!
* * * LOW HITPOINT WARNING * * *
Natasha claws you but does no damage.
You hit Natasha but do no damage. Natasha claws you.
* * * LOW HITPOINT WARNING * * *
Okay, then.
You feel yourself speed up. Natasha barely misses you.
You hit Natasha.
Natasha is lightly wounded.
You block Natasha's attack.
You hit Natasha.
Natasha is moderately wounded.
Natasha claws you!
* * * LOW HITPOINT WARNING * * *
A demonic guardian appears!
You hit Natasha.
Natasha is heavily wounded.
Natasha barely misses you.
Throw: 3 throwing nets
Press: ? - help, Shift-Dir - straight line, f - Natasha
Aim: Natasha, carrying a wand of quicksilver (5) (heavily wounded, ally target, 51% to hit)
You throw a throwing net.
The throwing net closely misses Natasha.
Natasha claws you.
You die...

.....'...# #........# #...#
.....##'## #........# #...#####
#######.# #...###### ##....##.
#......##################.##..#.
#.##..........................>.
#.##.#########..#########.######
#.##.# #...##..# #.# #.##.#
#.#.##4.# #.# #.##.#
#.#.##.@#########.# #....#
#.#<..h...........# #.####
#.#..(..########### ###
#.####.## #.....># ########


You could see Natasha (ally target) and a friendly hellwing (summoned).

Vanquished Creatures
  Natasha (D:2)
  3 adders (D:2)
  A dart slug (D:2)
  3 bats (D:1)
  3 endoplasms (D:1)
  2 giant cockroaches (D:1)
  4 goblins
  2 hobgoblins (D:1)
  2 kobolds
  A quokka (D:1)
  5 ball pythons
  2 rats
29 creatures vanquished.

Vanquished Creatures (collateral kills)
  Natasha (D:2)
1 creature vanquished.

Grand Total: 30 creatures vanquished

Notes
Turn   | Place    | Note
-------+----------+-------------------------------------------
     0 | D:1      | IdlyInterested the Demonspawn Gladiator began the quest for
                  | the Orb.
     0 | D:1      | Reached XP level 1. HP: 16/16 MP: 1/1
   243 | D:1      | Discovered your monstrous ancestry.
   243 | D:1      | Gained mutation: You have a small tail. [demonic ancestry]
   243 | D:1      | Reached XP level 2. HP: 22/22 MP: 2/2
   714 | D:2      | Found Lujohilu's Book Shop.
   864 | D:2      | Gained mutation: A weak demonic guardian rushes to your
                  | aid. [demonic ancestry]
   864 | D:2      | Reached XP level 3. HP: 24/28 MP: 3/3
  1120 | D:2      | Noticed Natasha
  1125 | D:2      | Killed Natasha
  1126 | D:2      | Reached skill level 1 in Short Blades
  1126 | D:2      | Gained mutation: A demonic guardian rushes to your aid.
                  | [demonic ancestry]
  1126 | D:2      | Reached XP level 4. HP: 27/35 MP: 4/4
  1152 | D:2      | Noticed Natasha
  1156 | D:2      | Killed Natasha
  1157 | D:2      | Reached skill level 1 in Stealth
  1486 | D:2      | Noticed Natasha
  1494 | D:2      | HP: 1/35 [Natasha (8)]
  1496 | D:2      | Slain by Natasha

Illustrated notes

Levels and vault maps discovered:
D:1:      lightli_arrival_statuegarden, layout_rooms, grunt_decor_one_mirror,
          minmay_pentomino_q2
D:2:      layout_basic, serial_shops, nicolae_shop_statue_plus, uniq_natasha

Skill      XL: |  1  2  3  4 |
---------------+-------------+-----
Dodging        | 3 |  3.0
Long Blades    | 3 |  3.3
Fighting       | 3 |  3.0
Short Blades   | 1 |  1.6
Stealth        | 1 |  1.4
Throwing       | |  1.7

Action                   |  1- 3 |  4- 6 || total
-------------------------+-------+-------++-------
Melee: Long sword        |    60 |       ||    60
       Tailslap          |     5 |     1 ||     6
       Punch             |     1 |       ||     1
       Rapier            |    11 |     9 ||    20
Throw: Throwing net      |       |     1 ||     1
  Use: Scroll            |     5 |       ||     5
       Potion            |     1 |     1 ||     2
Armor: Leather armour    |     5 |       ||     5
       Ring mail         |    22 |     1 ||    23
Dodge: Dodged            |    43 |     3 ||    46
Block: Kite shield       |     9 |     2 ||    11

Table legend: (Time is in decaauts)
 A = Elapsed time spent in this place.
 B = Non-inter-level travel time spent in this place.
 C = Inter-level travel time spent in this place.
 D = Time resting spent in this place.
 E = Time spent auto-exploring this place.
 F = Levels seen in this place.
 G = Mean time per level.
                   A        B        C        D        E       F      G
               +--------+--------+--------+--------+--------+-----+--------+
         Total |   1517 |   1376 |    141 |    240 |    700 |   2 |  758.5 |
       Dungeon |   1517 |   1376 |    141 |    240 |    700 |   2 |  758.5 |
               +--------+--------+--------+--------+--------+-----+--------+

Top non-repeatable levels by time:
     D:2: 783 daAuts
     D:1: 733 daAuts
